Map: [EWC] Oceanborn

Players

Oliveira

  • Race: Terran Terran
  • Spawn Location: 5:00

Maru - Winner!

  • Race: Terran Terran
  • Spawn Location: 11:00

Event: Esports World Cup 2024

VOD

Have the link to the VOD?

Description

Time

  • Played on: Aug. 16, 2024, 10:54 a.m.
  • Length: 16:43

All games in this series

Show
View Real Time Build Order
Export as new Build Order

Oliveira Terran 

Build Orders: Cyclone Opening, Gas First Reaper Expand 

Get SALT Encoding   

  12  0:00  SCV  
  13  0:12  SCV  
  14  0:17  Supply Depot  
  14  0:24  SCV  
  15  0:30  Refinery  
  15  0:38  SCV  
  16  0:44  Barracks  
  16  0:51  SCV  
  17  1:03  SCV  
  18  1:15  SCV  
  19  1:32  Orbital Command, Reaper  
  20  1:44  Command Center  
  20  1:54  Factory  
  20  1:58  SCV  
  21  2:07  Supply Depot, Marine  
  22  2:11  SCV  
  23  2:17  Refinery  
  23  2:29  SCV, Marine  
  25  2:38  Hellion  
  25  2:39  Starport  
  25  2:41  SCV  
  28  2:48  Barracks Reactor  
  28  2:53  SCV  
  28  2:59  Cyclone  
  29  3:10  Orbital Command  
  29  3:11  SCV  
  30  3:15  Orbital Command, Medivac  
  32  3:23  SCV  
  32  3:24  Marine x2  
  35  3:32  Factory Tech Lab  
  35  3:35  SCV  
  35  3:39  Refinery  
  36  3:42  SCV, Marine x2  
  36  3:43  Supply Depot  
  39  3:51  Siege Tank  
  39  3:52  SCV  
  39  3:54  Starport Tech Lab  
  39  3:55  SCV  
  44  4:00  Marine x2  
  46  4:05  SCV  
  46  4:07  SCV  
  46  4:08  Supply Depot  
  48  4:13  Raven  
  48  4:15  Interference Matrix  
  50  4:22  Marine x2  
  50  4:24  SCV x2  
  53  4:31  Siege Tank  
  57  4:35  Refinery  
  57  4:36  SCV  
  57  4:37  Supply Depot  
  56  4:39  SCV  
  56  4:40  Marine  
  58  4:48  SCV  
  58  4:51  Raven  
  58  4:52  SCV  
  60  4:55  Supply Depot, Marine  
  60  4:57  Marine  
  62  5:01  Starport  
  62  5:03  SCV  
  62  5:04  SCV  
  64  5:13  Siege Tank  
  67  5:15  SCV  
  67  5:20  SCV  
  69  5:22  Supply Depot  
  68  5:28  SCV  
  68  5:32  SCV  
  70  5:35  Viking  
  70  5:36  Viking  
  70  5:38  Liberator  
  77  5:43  SCV  
  77  5:45  SCV  
  77  5:49  Siege Tank  
  82  5:55  Command Center  
  82  6:00  Supply Depot  
  82  6:02  SCV x2  
  75  6:22  Viking x2  
  71  6:26  SCV x2, Marine  
  71  6:27  Stimpack  
  71  6:30  Siege Tank, Viking  
  79  6:38  SCV  
  79  6:39  SCV  
  79  6:54  Viking x2  
  79  6:59  Marine  
  79  7:00  SCV x2  
  86  7:08  Engineering Bay x2, Barracks  
  84  7:09  Barracks  
  84  7:10  Orbital Command  
  77  7:17  Viking  
  77  7:19  Siege Tank  
  73  7:30  Viking x2  
  73  7:31  SCV x2  
  73  7:32  Marine  
  75  7:38  SCV  
  75  7:39  Terran Infantry Weapons Level 1, Terran Infantry Armor Level 1  
  75  7:43  SCV  
  78  7:44  SCV  
  78  7:47  Barracks  
  78  7:50  SCV  
  79  7:53  Siege Tank, Barracks  
  79  7:55  SCV  
  79  7:56  SCV  
  79  7:57  Barracks Reactor x2  
  84  8:03  SCV, Refinery  
  84  8:04  Refinery  
  84  8:05  Supply Depot  
  85  8:07  SCV  
  85  8:08  Marine  
  85  8:09  SCV  
  91  8:13  Combat Shield  
  91  8:15  SCV  
  91  8:17  Missile Turret  
  91  8:19  SCV  
  90  8:21  Command Center  
  90  8:25  SCV  
  91  8:27  Siege Tank, SCV  
  91  8:32  SCV  
  96  8:34  Supply Depot  
  96  8:35  Barracks Reactor  
  96  8:36  Armory  
  96  8:37  Starport Tech Lab, Marine x3  
  96  8:38  Marine  
  96  8:41  Barracks Reactor  
  100  8:42  SCV  
  100  8:43  Viking  
  100  8:45  SCV  
  100  8:48  Supply Depot  
  104  8:49  Sensor Tower  
  104  8:50  Marine  
  104  8:55  Marine  
  105  8:56  Raven  
  105  8:57  Marine x3  
  112  9:05  Starport  
  112  9:08  Marine  
  112  9:10  Siege Tank  
  112  9:11  Marine  
  112  9:13  Marine  
  112  9:15  Marine  
  113  9:19  Marine  
  113  9:21  Marine x2  
  113  9:23  Marine x2  
  113  9:25  Marine, Medivac x2  
  113  9:30  Marine, Missile Turret x2  
  113  9:31  Marine, Terran Vehicle Weapons Level 1  
  118  9:33  Marine  
  118  9:37  Marine  
  120  9:39  Marine  
  120  9:40  Marine  
  120  9:42  Marine  
  120  9:43  Siege Tank  
  120  9:44  Starport Tech Lab  
  126  9:46  Supply Depot x2, SCV, Marine  
  126  9:47  SCV x2  
  126  9:50  Marine x2  
  126  9:51  Marine  
  126  9:52  Marine  
  135  9:53  Raven  
  135  9:55  Marine  
  135  9:59  Refinery x2  
  137  10:00  Marine  
  137  10:01  SCV, Terran Infantry Armor Level 2, Terran Infantry Weapons Level 2  
  137  10:02  Marine  
  141  10:07  SCV  
  141  10:08  Marine  
  141  10:12  Planetary Fortress  
  141  10:13  Supply Depot  
  142  10:14  Marine  
  142  10:15  Supply Depot  
  142  10:17  SCV x2  
  147  10:21  Raven  
  147  10:23  SCV, Missile Turret  
  147  10:27  Marine  
  147  10:28  Marine  
  150  10:29  Raven, SCV  
  150  10:31  Marine  
  150  10:32  Supply Depot  
  150  10:33  SCV  
  155  10:35  Siege Tank  
  155  10:38  SCV, Marine  
  155  10:39  Marine x2  
  162  10:44  SCV  
  162  10:47  Viking  
  162  10:48  Viking  
  166  10:51  Marine  
  166  10:55  Marine x3  
  166  10:56  Raven, Marine  
  172  10:58  Supply Depot  
  172  11:02  Sensor Tower  
  172  11:08  Raven, Command Center  
  172  11:10  Siege Tank  
  177  11:16  Marine x3  
  177  11:18  Marine  
  179  11:19  Marine, Factory  
  179  11:22  Marine x2  
  179  11:24  Medivac  
  179  11:25  Marine, Medivac  
  187  11:28  Terran Vehicle Weapons Level 2  
  187  11:38  Marine x3  
  189  11:42  Raven  
  190  11:56  Marine  
  190  12:00  Marine  
  190  12:01  Marine  
  175  12:02  Marine x2  
  175  12:04  Raven  
  175  12:05  Siege Tank, Marine x2  
  177  12:10  Marine, Command Center x2  
  177  12:12  Viking x2  
  177  12:14  Marine  
  183  12:17  Raven  
  183  12:19  Factory Tech Lab  
  184  12:30  Marine  
  184  12:32  Marine  
  186  12:37  Siege Tank  
  186  12:41  Marine x2  
  191  12:45  Marine  
  143  12:53  Marine  
  143  12:54  Marine x4  
  143  12:56  Marine  
  136  13:04  Marine x2  
  136  13:05  Marine  
  133  13:06  Raven  
  132  13:17  Barracks  
  123  13:21  Planetary Fortress, Barracks x2  
  123  13:23  Barracks  
  107  13:27  Barracks x3  
  107  13:29  Orbital Command, Barracks  
  99  13:46  SCV  
  99  13:47  SCV  
  99  13:48  Barracks Reactor  
  94  13:56  SCV  
  94  13:59  SCV  
  96  14:05  Engineering Bay  
  96  14:07  Factory  
  96  14:09  Marine x3  
  98  14:10  Marine  
  98  14:16  SCV, Marine x2  
  102  14:20  Marine  
  102  14:21  SCV x2  
  102  14:23  Supply Depot  
  105  14:25  Supply Depot  
  105  14:27  Marine  
  105  14:28  SCV, Marine  
  105  14:29  SCV  
  105  14:30  Marine  
  103  14:34  Marine  
  104  14:41  Marine x3  
  104  14:43  SCV x2  
  104  14:44  Marine  
  104  14:45  Planetary Fortress, Marine  
  107  14:46  SCV  
  107  14:47  Marine  
  107  14:49  Marine x2  
  107  14:52  Marine, Factory Tech Lab  
  113  14:54  SCV  
  113  14:59  Marine x3  
  117  15:00  SCV  
  117  15:03  Marine x2  
  117  15:06  Marine  
  121  15:07  SCV  
  84  15:23  Marine  
Show
View Real Time Build Order
Export as new Build Order

Maru Terran - Winner!

Build Orders: Reaper Expand 

Get SALT Encoding   

  12  0:00  SCV  
  13  0:12  SCV  
  14  0:16  Supply Depot  
  14  0:24  SCV  
  15  0:38  SCV  
  15  0:39  Barracks  
  15  0:42  Refinery  
  16  0:50  SCV  
  17  1:02  SCV  
  18  1:14  SCV  
  19  1:27  Orbital Command, Reaper  
  20  1:40  Command Center  
  20  1:51  Supply Depot  
  20  1:53  SCV  
  21  1:59  Reaper  
  22  2:05  SCV  
  23  2:08  Refinery  
  23  2:17  SCV  
  23  2:20  Factory  
  24  2:29  SCV  
  25  2:36  Barracks Reactor  
  25  2:41  SCV  
  26  2:52  Orbital Command  
  26  2:53  SCV  
  27  3:00  Command Center  
  27  3:05  SCV  
  28  3:13  Starport  
  28  3:19  SCV x2  
  30  3:25  Hellion x2  
  34  3:28  Barracks Tech Lab  
  34  3:31  SCV  
  34  3:33  SCV  
  36  3:43  SCV  
  36  3:45  SCV  
  36  3:46  Hellion x2  
  42  3:56  Barracks Tech Lab, SCV, Raven  
  42  3:58  SCV, Refinery  
  46  4:05  Supply Depot  
  46  4:11  SCV x2  
  46  4:12  Hellion x2  
  46  4:15  Orbital Command  
  52  4:23  SCV x2  
  49  4:35  SCV x2, Cyclone x2  
  55  4:41  Raven, Supply Depot  
  55  4:42  SCV  
  58  4:48  SCV x2  
  58  4:50  Supply Depot  
  60  4:55  SCV  
  60  4:57  Supply Depot  
  60  4:59  Interference Matrix  
  61  5:03  SCV x2  
  61  5:04  Refinery  
  64  5:07  SCV  
  64  5:15  Raven, SCV x2  
  64  5:17  Siege Tank, Marine x2  
  64  5:19  SCV  
  74  5:27  SCV x2  
  76  5:30  Barracks  
  76  5:31  SCV  
  76  5:32  Barracks  
  76  5:34  Marine  
  76  5:35  Supply Depot, Marine  
  79  5:39  SCV x2  
  81  5:44  Engineering Bay  
  81  5:45  Engineering Bay  
  81  5:49  Siege Tank  
  84  5:55  SCV x3  
  85  6:05  Marine, Viking x2  
  85  6:06  Stimpack  
  85  6:07  SCV x2  
  90  6:14  SCV  
  69  6:19  SCV x2  
  69  6:22  Barracks Reactor x2  
  69  6:23  Marine  
  65  6:26  SCV  
  65  6:28  Terran Infantry Weapons Level 1, Terran Infantry Armor Level 1  
  65  6:31  SCV  
  67  6:33  Siege Tank  
  67  6:35  SCV  
  67  6:38  SCV  
  72  6:43  SCV  
  72  6:45  Viking  
  75  6:47  SCV  
  75  6:53  SCV  
  71  6:58  Viking  
  71  7:01  Marine x5  
  70  7:05  Siege Tank  
  70  7:06  SCV  
  74  7:10  SCV  
  74  7:12  SCV  
  67  7:18  SCV, Marine x2  
  67  7:20  Viking  
  67  7:22  SCV  
  70  7:25  SCV  
  70  7:27  Marine  
  70  7:28  Marine  
  68  7:31  SCV  
  68  7:34  SCV  
  68  7:37  SCV  
  66  7:41  Orbital Command  
  66  7:43  SCV  
  65  7:44  Armory  
  65  7:46  Marine x4  
  65  7:49  Combat Shield  
  69  7:53  Siege Tank, SCV  
  69  7:57  SCV  
  74  8:01  Supply Depot, Medivac x2  
  79  8:05  SCV  
  79  8:06  Marine  
  79  8:07  Marine x2  
  79  8:09  SCV  
  83  8:13  Marine x2  
  83  8:14  SCV  
  83  8:17  SCV  
  87  8:21  SCV  
  87  8:26  SCV  
  89  8:29  SCV  
  89  8:31  Terran Infantry Armor Level 2  
  89  8:32  Terran Infantry Weapons Level 2  
  89  8:33  SCV  
  91  8:34  Marine x5  
  91  8:39  SCV  
  91  8:41  Command Center  
  97  8:42  SCV  
  97  8:46  Supply Depot  
  97  8:47  Supply Depot, SCV  
  99  8:51  Terran Vehicle Weapons Level 1  
  99  8:57  SCV x2  
  99  9:02  Supply Depot  
  101  9:03  Supply Depot  
  101  9:07  SCV, Siege Tank  
  101  9:08  Barracks  
  105  9:10  Barracks  
  105  9:14  SCV  
  105  9:15  SCV  
  104  9:21  Viking x2  
  104  9:23  SCV  
  104  9:25  Refinery x2  
  104  9:26  SCV  
  104  9:28  SCV  
  106  9:31  Marine  
  106  9:32  Marine x2  
  106  9:35  SCV  
  106  9:38  SCV  
  111  9:40  SCV, Siege Tank  
  115  9:48  SCV  
  115  9:50  SCV  
  115  9:51  Viking x2  
  115  9:52  SCV  
  122  9:54  Factory  
  122  9:58  Barracks Reactor  
  120  10:00  SCV  
  120  10:01  Barracks Reactor x2  
  120  10:02  SCV  
  120  10:04  SCV  
  123  10:08  Sensor Tower  
  123  10:10  Marine x2  
  123  10:11  Marine x2  
  123  10:12  SCV, Missile Turret  
  123  10:13  Missile Turret  
  128  10:14  SCV  
  128  10:16  SCV  
  128  10:19  Siege Tank  
  133  10:21  Viking x2  
  133  10:23  Supply Depot  
  133  10:24  SCV  
  133  10:25  Supply Depot  
  133  10:26  SCV  
  133  10:28  SCV, Marine  
  140  10:30  Planetary Fortress  
  140  10:32  Refinery  
  140  10:33  Refinery  
  141  10:38  SCV  
  141  10:39  Marine x4  
  146  10:45  Siege Tank  
  146  10:46  SCV x2  
  146  10:47  Supply Depot  
  146  10:48  Supply Depot  
  151  10:56  Terran Infantry Armor Level 3, Terran Infantry Weapons Level 3  
  147  10:58  Marine x6  
  152  11:08  Command Center  
  152  11:10  Medivac x2  
  155  11:19  SCV x2  
  155  11:22  Supply Depot, Starport, Sensor Tower  
  155  11:23  Marine x6  
  155  11:24  Starport  
  163  11:26  Siege Tank  
  163  11:28  Supply Depot  
  166  11:39  Siege Tank, Marine  
  168  11:40  Marine, Viking x2  
  168  11:44  Marine x4  
  169  11:54  Marine x3  
  169  11:58  Siege Tank  
  169  12:00  Marine x2  
  164  12:02  Marine x2  
  164  12:03  Starport Tech Lab  
  164  12:04  Starport Tech Lab  
  153  12:11  Marine x3  
  156  12:16  Supply Depot, Siege Tank, Marine x3  
  156  12:18  Marine x2, Medivac  
  166  12:27  Raven x2  
  170  12:34  Siege Tank, Marine x2  
  170  12:36  Marine x4  
  171  12:44  Marine x3  
  171  12:46  Marine  
  147  12:51  Marine  
  147  12:54  Marine x3  
  147  12:55  Marine  
  132  13:01  Raven  
  131  13:07  Marine  
  131  13:08  Marine  
  131  13:11  Marine  
  120  13:17  Siege Tank  
  123  13:22  Marine  
  123  13:25  Orbital Command  
  124  13:30  Orbital Command  
  119  13:44  SCV  
  119  13:47  Marine  
  117  13:51  SCV  
  118  13:56  SCV  
  118  13:57  SCV  
  118  14:02  Marine x2  
  122  14:03  SCV  
  123  14:10  Marine, Medivac  
  123  14:11  Marine  
  123  14:14  Medivac  
  123  14:16  Marine  
  130  14:20  Raven  
  130  14:23  Raven  
  134  14:24  Marine  
  134  14:28  Marine  
  134  14:29  Marine x2  
  138  14:42  Marine x3  
  138  14:43  Siege Tank  
  138  14:45  Medivac  
  146  14:46  SCV x2  
  146  14:52  Siege Tank  
  148  14:53  Marine  
  148  14:58  Marine x3  
  152  15:08  Marine x2  
  152  15:09  Medivac  
  136  15:14  Marine x3  
  136  15:15  Widow Mine  
  114  15:22  Marine x2  
  114  15:23  Orbital Command  
  114  15:24  Siege Tank, Marine  
Tags
 
Add a new tag
Caveats
  • Supply blocks, unpowered buildings, or Contaminate may cause inaccurate times.
  • Supply counts are checked every 10 seconds.